 Dungeon Crawl Stone Soup version 0.27.1 (webtiles) character file.

Game seed: 8941134592553892635

67 mediusvir the Cudgeller (level 3, 0/34 HPs)
             Began as a Minotaur Berserker on Aug 31, 2021.
             Was a Believer of Trog.
             Slain by an orc (2 damage)
             ... on level 3 of the Dungeon.
             The game lasted 00:06:54 (2078 turns).

mediusvir the Cudgeller (Minotaur Berserker)        Turns: 2078, Time: 00:06:54

Health: 0/34       AC:  2    Str: 22    XL:     3   Next: 98%
Magic:  2/2        EV: 12    Int:  4    God:    Trog [**....]
Gold:   78         SH:  0    Dex:  9    Spells: 2/2 levels left

rFire    . . .     SeeInvis .   a - +0 mace
rCold    . . .     Faith    .   (no shield)
rNeg     . . .     Spirit   .   b - +0 animal skin
rPois    .         Reflect  .   (helmet restricted)
rElec    .         Harm     .   (no cloak)
rCorr    .         Rampage  .   (no gloves)
Will     ++...                  (no boots)
Stlth    +.........             (no amulet)
HPRegen  1.11/turn              (no ring)
MPRegen  0.08/turn              (no ring)

@: strong-willed (expiring), on berserk cooldown, regenerating (expiring),
slowed, very slow
A: horns 2, retaliatory headbutt
a: Renounce Religion, Berserk, Trog's Hand


You were on level 3 of the Dungeon.
You worshipped Trog.
Trog was pleased with you.
You visited 1 branch of the dungeon, and saw 3 of its levels.

You collected 78 gold pieces.

Inventory:

Hand Weapons
 a - a +0 mace (weapon)
 c - a +0 hand crossbow
Missiles
 d - 44 arrows
Armour
 b - a +0 animal skin (worn)
Scrolls
 i - a scroll of silence
 j - a scroll of blinking {unknown}
 k - a scroll of enchant weapon {unknown}
 l - a scroll of amnesia {unknown}
 m - a scroll of teleportation {unknown}
 n - a scroll of identify
 p - a scroll of fog {unknown}
Potions
 e - a potion of flight {unknown}
 f - a potion of heal wounds {unknown}
 g - a potion of curing {unknown}
 h - a potion of haste {unknown}
 o - a potion of lignification {unknown}


   Skills:
 + Level 4.4 Fighting
 + Level 4.6 Maces & Flails
 + Level 2.8 Armour
 + Level 2.8 Dodging
 + Level 0.2 Stealth


You had 2 spell levels left.
You didn't know any spells.
Your spell library was empty.

Dungeon Overview and Level Annotations

Branches:
Dungeon (3/15)

Altars:

Shops:
D:1 (


Innate Abilities, Weirdness & Mutations

You have a pair of horns on your head.
You reflexively headbutt those who attack you in melee.


Message History

You climb upwards.
There is a stone staircase leading down here.
A red film seems to cover your vision as you go berserk!
You feel yourself moving faster!
You feel mighty! The orc misses you.
You closely miss the orc. The orc hits you with a +0 dagger.
You hit the orc. You headbutt the orc.
You kill the orc!
Trog accepts your kill.
Things that are here:
a +0 dagger; an orc corpse You feel a strong urge to attack something.
There is a stone staircase leading down here.
You feel your anger nearly subside.
You are no longer berserk.
You are exhausted.
You feel yourself slow down.
You climb downwards.
The orc hits you with a +0 mace! The orc hits you with a +0 short sword.
The orc closely misses you. The orc hits you with a +0 short sword.
The orc hits you with a +0 mace.
There is a stone staircase leading up, spattered with blood here.
Your skin crawls.
You feel strong-willed. The orc hits you with a +0 short sword.
The orc hits you with a +0 mace.
* * * LOW HITPOINT WARNING * * *
The orc misses you. You furiously retaliate!
You headbutt the orc!
You kill the orc!
Trog accepts your kill.
You closely miss the orc.
You feel the effects of Trog's Hand fading.
The orc hits you with a +0 mace.
* * * LOW HITPOINT WARNING * * *
The orc closely misses you.
You hit the orc.
The orc is lightly wounded.
The orc misses you. The orc hits you with a +0 mace!
* * * LOW HITPOINT WARNING * * *
As you read the scroll labelled IQISIS NUMICAP, it crumbles to dust.
It is a scroll of identify.
i - a scroll of silence The orc hits you with a +0 mace.
You die...

##........
#.........
#.........
#.........
#.........
##$........
#..o.......
#@.......
#..)......
#.........
#.........
#....>....
..........
##........
##.......


You could see an orc.

Vanquished Creatures
  2 adders (D:2)
  A worm (D:2)
  A dart slug (D:1)
  3 orcs
  4 ball pythons
  7 bats
  4 endoplasms (D:2)
  A giant cockroach (D:1)
  4 goblins
  2 hobgoblins
  A quokka (D:1)
  A frilled lizard (D:2)
  4 kobolds
  5 rats
40 creatures vanquished.

Vanquished Creatures (others)
  2 plants (D:1)
2 creatures vanquished.

Grand Total: 42 creatures vanquished

Notes
Turn   | Place    | Note
-------+----------+-------------------------------------------
     0 | D:1      | mediusvir the Minotaur Berserker began the quest for the
                  | Orb.
     0 | D:1      | Reached XP level 1. HP: 19/19 MP: 0/0
   363 | D:1      | Reached XP level 2. HP: 20/27 MP: 1/1
   703 | D:1      | Found Wubuit's Antique Weapon Shoppe.
  1138 | D:2      | Reached XP level 3. HP: 33/33 MP: 2/2
  1757 | D:2      | Reached ** piety under Trog
  2077 | D:3      | HP: 1/34 [orc (7)]
  2078 | D:3      | Slain by an orc

Illustrated notes

Levels and vault maps discovered:
D:1:      eino_arrival_druids_welcome, layout_basic, serial_shops, shop,
          chequers_big_river, minmay_hexomino_u4
D:2:      layout_basic, chequers_serial_rivers_small_b, grunt_ministairs_3
D:3:      minmay_chambers_of_twos, layout_rooms,
          mainiacjoe_overflow_small_starburst, st_stairs_1, uniq_jessica,
          uniq_ijyb, uniq_grinder

Skill      XL: |  1  2 |
---------------+-------+-----
Maces & Flails | 4 |  4.6
Fighting       | 4 |  4.4
Armour         | |  2.8
Dodging        | |  2.8
Stealth        | |  0.2

Action                   || total
-------------------------++-------
Melee: Mace              ||    75
       Headbutt          ||    24
Invok: Berserk           ||     2
       Trog's Hand       ||     1
  Use: Scroll            ||     1
Armor: Animal skin       ||    13
Dodge: Dodged            ||    64
